[Event "RUS-ch Blitz Women 2018"]
[Site "Sochi"]
[Date "2018.10.07"]
[Round "17"]
[White "Nebolsina, Vera"]
[Black "Illina, Natalia"]
[Result "1-0"]
[ECO "B23"]
[WhiteElo "2220"]
[BlackElo "1879"]
[Annotator "NA"]
[PlyCount "75"]
[EventDate "2018.10.07"]
[EventType "swiss"]
[EventCountry "RUS"]
[SourceTitle "playchess.com"]
[Source "ChessBase"]
[SourceQuality "1"]
[TimeControl "180+2"]

1. e4 c5 2. Nc3 g6 3. f4 Bg7 4. Nf3 d6 5. Bc4 Nc6 6. O-O e6 7. d3 Nge7 8. Qe1 O-O 9. Qh4 d5 10. Bb3 Nd4 11. Nxd4 cxd4 12. Ne2 dxe4 13. dxe4 Nc6 14. Qg3 Na5 15. e5 Qb6 16. Qf2 Rd8 17. Ng3 Nxb3 18. axb3 Bd7 19. Bd2 Bc6 20. Ba5 Qb5 21. Bxd8 Rxd8 22. Rxa7 Bf8 23. Rfa1 d3 24. c4 Qb4 25. Ra8 Bc5 26. Rxd8+ Kg7 27. Rxd3 Bxf2+ 28. Kxf2 b5 29. Rc1 Qc5+ 30. Kf1 bxc4 31. Rxc4 Qb6 32. Rd6 Qe3 33. Rdxc6 Qd3+ 34. Kf2 Qd2+ 35. Ne2 Qd3 36. Rd6 Qf5 37. Rd7 g5 38. Rcc7 1-0

[Event "RUS-ch Blitz Women 2018"]
[Site "Sochi"]
[Date "2018.10.07"]
[Round "17"]
[White "Vinokur, Yuliya"]
[Black "Gritsayeva, Oksana"]
[Result "0-1"]
[ECO "A40"]
[WhiteElo "2170"]
[BlackElo "2378"]
[Annotator "NA"]
[PlyCount "56"]
[EventDate "2018.10.07"]
[EventType "swiss"]
[EventCountry "RUS"]
[SourceTitle "playchess.com"]
[Source "ChessBase"]
[SourceQuality "1"]
[TimeControl "180+2"]

1. d4 Nf6 2. c4 e6 3. g3 c5 4. d5 exd5 5. cxd5 b5 6. Bg2 d6 7. a4 b4 8. Nf3 Be7 9. O-O a5 10. Nbd2 Nbd7 11. Nc4 Nb6 12. Nxb6 Qxb6 13. Nd2 Ba6 14. Qc2 O-O 15. Nc4 Qc7 16. b3 Nd7 17. Bb2 Bf6 18. Bxf6 Nxf6 19. Rac1 Rfe8 20. Rfe1 Re7 21. e4 Rae8 22. f4 Nxd5 23. e5 Bxc4 24. Qxc4 Nc3 25. Bd5 dxe5 26. fxe5 Rxe5 27. Rxe5 Rxe5 28. Bg2 Ne2+ 0-1

[Event "RUS-ch Blitz Women 2018"]
[Site "Sochi"]
[Date "2018.10.07"]
[Round "17"]
[White "Goltseva, Ekaterina"]
[Black "Lysenko, Margarita"]
[Result "0-1"]
[ECO "E73"]
[WhiteElo "2169"]
[BlackElo "2122"]
[Annotator "NA"]
[PlyCount "138"]
[EventDate "2018.10.07"]
[EventType "swiss"]
[EventCountry "RUS"]
[SourceTitle "playchess.com"]
[Source "ChessBase"]
[SourceQuality "1"]
[TimeControl "180+2"]

1. d4 Nf6 2. c4 g6 3. Nc3 Bg7 4. e4 O-O 5. Be2 d6 6. Bg5 Na6 7. Qd2 e5 8. d5 Nc5 9. f3 a5 10. g4 c6 11. h4 cxd5 12. cxd5 a4 13. h5 Bd7 14. Nh3 Qa5 15. Nf2 Rfc8 16. h6 Bh8 17. Ncd1 Qxd2+ 18. Kxd2 Ne8 19. Ne3 b5 20. Nd3 Nxd3 21. Bxd3 f6 22. Bh4 Nc7 23. Rhc1 Na6 24. Bf2 Nb4 25. Nc2 Nxd3 26. Kxd3 f5 27. gxf5 gxf5 28. Nb4 Bf6 29. Be3 Kf7 30. Rg1 f4 31. Bf2 Rg8 32. Rac1 Rgc8 33. a3 Rab8 34. Na6 Ra8 35. Nb4 Rab8 36. Na6 Ra8 37. Nb4 Rab8 38. Kd2 Rxc1 39. Rxc1 Rg8 40. Rc7 Ke8 41. Nc6 Rg2 42. Ke1 Rh2 43. Rb7 Rh1+ 44. Ke2 Rb1 45. Rxb5 Rc1 46. Rb8+ Kf7 47. Rb7 Ke8 48. Nb4 Rh1 49. Nc6 Rxh6 50. b3 axb3 51. Rxb3 Rh1 52. Rb8+ Kf7 53. Rb7 Ke8 54. Ra7 Ra1 55. a4 h5 56. a5 h4 57. Ra8+ Kf7 58. a6 h3 59. Nd8+ Bxd8 60. Rxd8 Ke7 61. Rh8 Rxa6 62. Bh4+ Kf7 63. Rh7+ Kg6 64. Rh8 h2 65. Be1 Ra2+ 66. Bd2 Bb5+ 67. Ke1 Ra1+ {[%emt 0:00:01] Kd1 [%clk 0:00:03] Be2+ [%clk 0:00:04]} 68. Bc1 Rxc1+ {[%emt 0:00:09] Kxe2 Ra1 [%clk 0:00:06]} 69. Kd2 h1=Q {[%emt 0:00:00] Kc3} 0-1

[Event "RUS-ch Blitz Women 2018"]
[Site "Sochi"]
[Date "2018.10.07"]
[Round "17"]
[White "Ivanova, Karina"]
[Black "Belenkaya, Dina"]
[Result "0-1"]
[ECO "D78"]
[WhiteElo "2124"]
[BlackElo "2329"]
[Annotator "NA"]
[PlyCount "70"]
[EventDate "2018.10.07"]
[EventType "swiss"]
[EventCountry "RUS"]
[SourceTitle "playchess.com"]
[Source "ChessBase"]
[SourceQuality "1"]
[TimeControl "180+2"]

1. Nf3 d5 2. g3 g6 3. d4 Bg7 4. Bg2 Nf6 5. O-O O-O 6. c4 c6 7. b3 a5 8. a4 Bf5 9. Bb2 Na6 10. Nbd2 Nb4 11. Ne1 Qb6 12. c5 Qc7 13. Bc3 Rad8 14. Bxb4 axb4 15. Nc2 Qa5 16. f3 Bh6 17. Kf2 Rfe8 18. e4 dxe4 19. Nxe4 Nd5 20. g4 Bc8 21. g5 Bg7 22. Qe1 Nf4 23. Kg1 e5 24. Nd6 Re7 25. Nc4 Qc7 26. dxe5 Nd3 27. Qg3 Nxe5 28. Nxe5 Bxe5 29. f4 Bxa1 30. Nxa1 Bf5 31. Qf2 Rd3 32. Qb2 Qd7 33. Kh1 Rd2 34. Qc1 Ree2 35. Rg1 Bh3 0-1

[Event "RUS-ch Blitz Women 2018"]
[Site "Sochi"]
[Date "2018.10.07"]
[Round "17"]
[White "Miroshnik, Ekaterina"]
[Black "Tomilova, Elena"]
[Result "1-0"]
[ECO "D47"]
[WhiteElo "2016"]
[BlackElo "2328"]
[Annotator "NA"]
[PlyCount "112"]
[EventDate "2018.10.07"]
[EventType "swiss"]
[EventCountry "RUS"]
[SourceTitle "playchess.com"]
[Source "ChessBase"]
[SourceQuality "1"]
[TimeControl "180+2"]

1. d4 d5 2. c4 c6 3. Nf3 Nf6 4. e3 e6 5. Nc3 Nbd7 6. Bd3 dxc4 7. Bxc4 b5 8. Bd3 Bb7 9. O-O a6 10. b3 c5 11. Bb2 Be7 12. a4 b4 13. Nb1 O-O 14. Nbd2 cxd4 15. Bxd4 Nc5 16. Bc2 Rc8 17. Nc4 Nfe4 18. Nfe5 Bf6 19. f3 Nc3 20. Bxc3 bxc3 21. Qxd8 Rfxd8 22. Rfd1 Be7 23. Kf2 f6 24. Nd3 Nxd3+ 25. Rxd3 Rxd3 26. Bxd3 Bb4 27. Rd1 Kf8 28. Ke2 g6 29. Bc2 Ke7 30. Nb6 Rc7 31. Nc4 f5 32. Rd4 a5 33. Kd1 Bd5 34. Bd3 g5 35. e4 fxe4 36. Bxe4 Bc5 37. Rd3 Bxc4 38. bxc4 Bb4 39. Rd4 h6 40. Kc2 e5 41. Rd5 Ke6 42. Rd8 Rxc4 43. Re8+ Kf6 44. Rf8+ Ke7 45. Rh8 Rd4 46. Bd3 Bd6 47. Bb5 Rd2+ 48. Kxc3 Rxg2 49. Rxh6 Rf2 50. Bc6 Bb4+ 51. Kb3 Rg2 52. h4 gxh4 53. Rxh4 Kd6 54. Rh6+ Kc5 55. Be4 Rf2 56. Rc6+ Kd4 1-0

[Event "RUS-ch Blitz Women 2018"]
[Site "Sochi"]
[Date "2018.10.07"]
[Round "18"]
[White "Shuvalova, Polina"]
[Black "Maletina, Tatiana"]
[Result "1/2-1/2"]
[ECO "C03"]
[WhiteElo "2421"]
[BlackElo "2270"]
[Annotator "RC"]
[PlyCount "111"]
[EventDate "2018.10.07"]
[EventType "swiss"]
[EventCountry "RUS"]
[SourceTitle "playchess.com"]
[Source "ChessBase"]
[SourceQuality "1"]
[TimeControl "180+2"]

1. e4 e6 2. d4 d5 3. Nd2 Be7 4. Bd3 c5 5. dxc5 Nf6 6. exd5 exd5 7. Ngf3 O-O 8. Nb3 a5 9. a4 Nc6 10. O-O Bg4 11. h3 Bh5 12. Bf4 Rc8 13. Re1 Re8 14. g4 Bg6 15. Bxg6 hxg6 16. c3 Ne4 17. Be3 Bf8 18. Kg2 Ne5 19. Nxe5 Rxe5 20. Bd4 Re8 21. Qd3 Bxc5 22. Nxc5 Nxc5 23. Qb5 Ne6 24. Be5 b6 25. Rad1 Qh4 26. Qxd5 Rcd8 27. Bg3 Qf6 28. Qf3 Qe7 29. Rxd8 Rxd8 30. Re3 Qd7 31. Be5 Qxa4 32. Qb7 Qb5 33. Bg3 Qxb2 34. Rf3 f6 35. Qe7 Qb3 36. Re3 Qd5+ 37. Kh2 Ng5 38. Qc7 Nf7 39. Re7 Ra8 40. Rd7 Qb3 41. Qb7 Re8 42. Bc7 a4 43. Bxb6 a3 44. Qa7 a2 45. Bd4 Qc4 46. Rc7 Qd5 47. Rd7 Qe6 48. Rb7 Qd6+ 49. Kg2 Qd5+ 50. Kh2 Qd6+ 51. Kg2 Qc6+ 52. Kh2 Qd6+ 53. Kg2 Qd5+ 54. Kh2 Qd6+ 55. Kg2 Qc6+ 56. Kh2 1/2-1/2

[Event "RUS-ch Blitz Women 2018"]
[Site "Sochi"]
[Date "2018.10.07"]
[Round "18"]
[White "Ambartsumova, Karina"]
[Black "Bivol, Alina"]
[Result "0-1"]
[ECO "E62"]
[WhiteElo "2379"]
[BlackElo "2403"]
[Annotator "NA"]
[PlyCount "52"]
[EventDate "2018.10.07"]
[EventType "swiss"]
[EventCountry "RUS"]
[SourceTitle "playchess.com"]
[Source "ChessBase"]
[SourceQuality "1"]
[TimeControl "180+2"]

1. c4 Nf6 2. Nc3 g6 3. g3 Bg7 4. Bg2 O-O 5. Nf3 d6 6. d4 Nc6 7. O-O Rb8 8. Bf4 h6 9. h3 a6 10. Rc1 Bd7 11. e4 b5 12. cxb5 axb5 13. d5 Na5 14. b4 Nc4 15. Re1 g5 16. Be3 Nxe3 17. Rxe3 g4 18. hxg4 Bxg4 19. Qb3 Bxf3 20. Bxf3 Nd7 21. Be2 Ne5 22. f4 Nc4 23. Rd3 Qd7 24. Nxb5 Qxb5 25. Rxc4 Ra8 26. Rxc7 Qb6+ 0-1

[Event "RUS-ch Blitz Women 2018"]
[Site "Sochi"]
[Date "2018.10.07"]
[Round "18"]
[White "Gritsayeva, Oksana"]
[Black "Vinokur, Yuliya"]
[Result "0-1"]
[ECO "B05"]
[WhiteElo "2378"]
[BlackElo "2170"]
[Annotator "NA"]
[PlyCount "101"]
[EventDate "2018.10.07"]
[EventType "swiss"]
[EventCountry "RUS"]
[SourceTitle "playchess.com"]
[Source "ChessBase"]
[SourceQuality "1"]
[TimeControl "180+2"]

1. e4 Nf6 2. e5 Nd5 3. d4 d6 4. Nf3 Bg4 5. Be2 e6 6. c4 Nb6 7. exd6 cxd6 8. O-O Be7 9. h3 Bh5 10. Nc3 O-O 11. Be3 d5 12. b3 Nc6 13. c5 Nc8 14. Rb1 Bxf3 15. Bxf3 Bf6 16. b4 N8e7 17. Qd3 Nf5 18. Ne2 g6 19. g3 Bg7 20. Bg2 Qf6 21. Rfd1 Rad8 22. Qd2 h6 23. b5 Nce7 24. Bf4 g5 25. Be5 Qg6 26. Bxg7 Qxg7 27. Rdc1 e5 28. dxe5 Qxe5 29. Rd1 Rc8 30. Rbc1 Rfd8 31. Nd4 Qf6 32. Qd3 a6 33. a4 axb5 34. axb5 Rc7 35. b6 Rcd7 36. Rd2 Nxd4 37. Qxd4 Qc6 38. h4 Nf5 39. Qd3 Ng7 40. hxg5 hxg5 41. Bf3 Ne6 42. Kg2 Qa4 43. Qe3 d4 44. Qe5 Nf8 45. Qxg5+ Ng6 46. Be4 d3 47. Bxg6 fxg6 48. Qxg6+ Rg7 49. Qe6+ Rf7 50. Rcd1 Qd4 51. Qe3 0-1

[Event "RUS-ch Blitz Women 2018"]
[Site "Sochi"]
[Date "2018.10.07"]
[Round "18"]
[White "Vasilevich, Tatjana"]
[Black "Vasilevich, Irina"]
[Result "1-0"]
[ECO "E11"]
[WhiteElo "2360"]
[BlackElo "2258"]
[Annotator "NA"]
[PlyCount "99"]
[EventDate "2018.10.07"]
[EventType "swiss"]
[EventCountry "RUS"]
[SourceTitle "playchess.com"]
[Source "ChessBase"]
[SourceQuality "1"]
[TimeControl "180+2"]

1. d4 e6 2. c4 Bb4+ 3. Nd2 Nf6 4. Ngf3 O-O 5. g3 d6 6. Bg2 Qe7 7. O-O Bxd2 8. Qxd2 e5 9. dxe5 dxe5 10. b3 Nc6 11. Bb2 Rd8 12. Qc3 Ne4 13. Qc2 Ng5 14. Rad1 Nxf3+ 15. Bxf3 Bh3 16. Rfe1 h6 17. a3 Rab8 18. b4 Nd4 19. Bxd4 exd4 20. c5 b6 21. c6 a5 22. Qb2 axb4 23. axb4 Qf6 24. Rd2 Rd6 25. Ra1 Rbd8 26. Ra7 Rxc6 27. Bxc6 Qxc6 28. f3 d3 29. Ra3 Qe6 30. Raxd3 Rxd3 31. Rxd3 Kh7 32. Qd2 c5 33. bxc5 bxc5 34. Rd6 Qb3 35. Qd3+ Qxd3 36. Rxd3 Be6 37. Rc3 c4 38. Kf2 Kg6 39. Ke3 Kf6 40. Kd4 g5 41. e4 h5 42. Ra3 h4 43. Ra5 hxg3 44. hxg3 Kg6 45. Rc5 Kf6 46. Rc6 Ke7 47. Ke5 Kd7 48. Rc5 Ke7 49. Rc7+ Kf8 50. Kf6 1-0

[Event "RUS-ch Blitz Women 2018"]
[Site "Sochi"]
[Date "2018.10.07"]
[Round "18"]
[White "Belenkaya, Dina"]
[Black "Ivanova, Karina"]
[Result "0-1"]
[ECO "B13"]
[WhiteElo "2329"]
[BlackElo "2124"]
[Annotator "NA"]
[PlyCount "63"]
[EventDate "2018.10.07"]
[EventType "swiss"]
[EventCountry "RUS"]
[SourceTitle "playchess.com"]
[Source "ChessBase"]
[SourceQuality "1"]
[TimeControl "180+2"]

1. e4 c6 2. d4 d5 3. exd5 cxd5 4. Bd3 Nc6 5. c3 g6 6. Ne2 Bg7 7. O-O Nh6 8. Bf4 f6 9. c4 e5 10. dxe5 fxe5 11. Bxh6 Bxh6 12. cxd5 Ne7 13. Nbc3 O-O 14. Qb3 Kh8 15. Ng3 Nf5 16. Rae1 Nd4 17. Qc4 Bg7 18. Nge4 Bf5 19. Nc5 Rc8 20. Qb4 a5 21. Qa3 Bxd3 22. Nxd3 Nc2 23. Qb3 Nxe1 24. Rxe1 Qd7 25. Nxe5 Rce8 26. f4 Qc7 27. Qa3 Rxf4 28. Nxg6+ hxg6 29. Rxe8+ Kh7 30. Qe7 Qb6+ 31. Qe3 Bd4 32. Re7+ 0-1

[Event "RUS-ch Blitz Women 2018"]
[Site "Sochi"]
[Date "2018.10.07"]
[Round "18"]
[White "Tomilova, Elena"]
[Black "Miroshnik, Ekaterina"]
[Result "0-1"]
[ECO "D02"]
[WhiteElo "2328"]
[BlackElo "2016"]
[Annotator "NA"]
[PlyCount "70"]
[EventDate "2018.10.07"]
[EventType "swiss"]
[EventCountry "RUS"]
[SourceTitle "playchess.com"]
[Source "ChessBase"]
[SourceQuality "1"]
[TimeControl "180+2"]

1. d4 d5 2. Nf3 e6 3. Bf4 Nf6 4. e3 c5 5. c3 Bd6 6. Bg3 Nc6 7. Nbd2 O-O 8. Bd3 b6 9. O-O Bb7 10. Qe2 Ne7 11. Rad1 Ne4 12. Bxd6 Nxd6 13. dxc5 bxc5 14. e4 Ng6 15. Qe3 Qb6 16. e5 Nf5 17. Bxf5 exf5 18. Qg5 Qe6 19. Rfe1 h6 20. Qe3 Rfc8 21. Nb3 Qe7 22. g3 Kh8 23. h4 f4 24. Qe2 fxg3 25. fxg3 Re8 26. Na5 Rad8 27. Nxb7 Qxb7 28. Qf2 d4 29. cxd4 cxd4 30. Rxd4 Rxd4 31. Nxd4 Nxe5 32. Qf4 f6 33. Re2 Re7 34. Rf2 Qb4 35. Kh2 Nd3 0-1

[Event "RUS-ch Blitz Women 2018"]
[Site "Sochi"]
[Date "2018.10.07"]
[Round "18"]
[White "Guseva, Marina"]
[Black "Dordzhieva, Dinara"]
[Result "1/2-1/2"]
[ECO "D35"]
[WhiteElo "2292"]
[BlackElo "2340"]
[Annotator "NA"]
[PlyCount "104"]
[EventDate "2018.10.07"]
[EventType "swiss"]
[EventCountry "RUS"]
[SourceTitle "playchess.com"]
[Source "ChessBase"]
[SourceQuality "1"]
[TimeControl "180+2"]

1. d4 d5 2. c4 e6 3. Nc3 Nf6 4. cxd5 exd5 5. Bg5 Be7 6. e3 c6 7. Bd3 Nbd7 8. Qc2 Nh5 9. Bxe7 Qxe7 10. O-O-O g6 11. h3 Nb6 12. Nf3 Ng7 13. g4 Be6 14. Kb1 O-O-O 15. Na4 Nxa4 16. Qxa4 Kb8 17. Ne5 f6 18. Nf3 Ne8 19. Rc1 Bd7 20. Rc3 Nd6 21. Qb4 Nc8 22. Qxe7 Nxe7 23. Rg1 g5 24. h4 h6 25. Rcc1 Rdg8 26. h5 Nc8 27. Nd2 Nd6 28. Bg6 Rf8 29. f4 Be8 30. Bxe8 Rxe8 31. Rce1 Re7 32. Kc2 Rhe8 33. fxg5 fxg5 34. Kd3 Ne4 35. Nxe4 Rxe4 36. b3 Rf8 37. Ke2 Kc7 38. Rg3 Rfe8 39. Kd3 a5 40. Rf1 R8e6 41. a3 Kb6 42. Rf7 Re7 43. Rxe7 Rxe7 44. Rf3 Re4 45. Rf6 Rxg4 46. Rxh6 Rh4 47. Rh8 Rh2 48. h6 g4 49. h7 g3 50. a4 g2 51. Rg8 Rxh7 52. Rxg2 Rh1 {[%emt 0:00:01] Ke4} 1/2-1/2

[Event "RUS-ch Blitz Women 2018"]
[Site "Sochi"]
[Date "2018.10.07"]
[Round "18"]
[White "Maltsevskaya, Aleksandra"]
[Black "Voit, Daria"]
[Result "1-0"]
[ECO "A30"]
[WhiteElo "2290"]
[BlackElo "2352"]
[Annotator "NA"]
[PlyCount "147"]
[EventDate "2018.10.07"]
[EventType "swiss"]
[EventCountry "RUS"]
[SourceTitle "playchess.com"]
[Source "ChessBase"]
[SourceQuality "1"]
[TimeControl "180+2"]

1. c4 c5 2. Nf3 Nc6 3. g3 e5 4. d3 d6 5. Bg2 g6 6. O-O Bg7 7. Nc3 Nge7 8. a3 O-O 9. b4 cxb4 10. axb4 Nxb4 11. Ba3 Nbc6 12. Nb5 Be6 13. Nxd6 Qd7 14. Ne4 b6 15. Rb1 Bh3 16. Bxh3 Qxh3 17. c5 bxc5 18. Bxc5 Qd7 19. Qa4 Nd5 20. Bxf8 Bxf8 21. Rfc1 Rc8 22. Rc2 f5 23. Nc5 Qd6 24. Rbc1 Ncb4 25. Rc4 Nb6 26. Qxb4 Nxc4 27. Qxc4+ Kh8 28. Ng5 Qxc5 29. Qxc5 Rxc5 30. Rb1 h6 31. Ne6 Rc8 32. Rb7 a5 33. Ra7 Bb4 34. e3 Rc6 35. Nd8 Rc3 36. Nf7+ Kg8 37. Nxe5 g5 38. d4 Rc1+ 39. Kg2 Rc2 40. d5 Be1 41. Nd3 Bc3 42. d6 Rd2 43. d7 Rxd3 44. Ra8+ Kf7 45. d8=Q Rxd8 46. Rxd8 h5 47. Ra8 Kf6 48. Kf3 Ke5 49. Ke2 g4 50. Kd3 Be1 51. Re8+ Kf6 52. Ra8 Kg5 53. Rb8 Kf6 54. Ke2 Bb4 55. Rb5 Kg6 56. f3 Kf6 57. e4 gxf3+ 58. Kxf3 fxe4+ 59. Kxe4 Kg6 60. h3 Be1 61. Kf3 Bb4 62. Rb6+ Kf5 63. h4 Bc3 64. Rh6 a4 65. Rxh5+ Kg6 66. Rc5 Be1 67. Rc6+ Kg7 68. Ra6 Kf7 69. h5 Kg7 70. g4 Bd2 71. Ke4 Kf7 72. Kf5 Kg7 73. g5 Bc3 74. Ra7+ 1-0

[Event "RUS-ch Blitz Women 2018"]
[Site "Sochi"]
[Date "2018.10.07"]
[Round "18"]
[White "Potapova, Margarita"]
[Black "Charochkina, Daria"]
[Result "1/2-1/2"]
[ECO "A83"]
[WhiteElo "2284"]
[BlackElo "2344"]
[Annotator "NA"]
[PlyCount "92"]
[EventDate "2018.10.07"]
[EventType "swiss"]
[EventCountry "RUS"]
[SourceTitle "playchess.com"]
[Source "ChessBase"]
[SourceQuality "1"]
[TimeControl "180+2"]

1. d4 f5 2. e4 fxe4 3. Nc3 Nf6 4. Bg5 Nc6 5. d5 Ne5 6. Qe2 Nf7 7. h4 d6 8. O-O-O Bd7 9. Nxe4 Nxe4 10. Qxe4 c6 11. Bc4 Ne5 12. Bb3 Qc7 13. f4 Ng4 14. Nh3 c5 15. Rhe1 Nf6 16. Bxf6 gxf6 17. f5 O-O-O 18. Nf4 Rg8 19. Ne6 Bh6+ 20. Kb1 Bxe6 21. Qxe6+ Qd7 22. Qxe7 Qxf5 23. Rf1 Qe5 24. Qe6+ Kb8 25. Qxf6 Qxf6 26. Rxf6 Be3 27. Re6 Bd4 28. c3 Be5 29. Re7 Rxg2 30. Rxh7 Rdg8 31. Bc2 Rh2 32. Rf1 a6 33. a4 Rgg2 34. Rf8+ Ka7 35. Rff7 Rxc2 36. Rxb7+ Ka8 37. Ra7+ Kb8 38. Rab7+ Ka8 39. Ra7+ Kb8 40. Rab7+ Kc8 41. Rhc7+ Kd8 42. Rh7 Kc8 43. Rhc7+ Kd8 44. Rh7 Kc8 45. Rhc7+ Kd8 46. Rh7 Kc8 1/2-1/2

[Event "RUS-ch Blitz Women 2018"]
[Site "Sochi"]
[Date "2018.10.07"]
[Round "18"]
[White "Lysenko, Margarita"]
[Black "Goltseva, Ekaterina"]
[Result "1-0"]
[ECO "A30"]
[WhiteElo "2122"]
[BlackElo "2169"]
[Annotator "NA"]
[PlyCount "87"]
[EventDate "2018.10.07"]
[EventType "swiss"]
[EventCountry "RUS"]
[SourceTitle "playchess.com"]
[Source "ChessBase"]
[SourceQuality "1"]
[TimeControl "180+2"]

1. c4 c5 2. g3 Nf6 3. Bg2 d5 4. cxd5 Nxd5 5. Nf3 Nc6 6. O-O e5 7. Nc3 Nc7 8. d3 Be7 9. Ne1 O-O 10. Nc2 Be6 11. Ne3 Nd4 12. Bxb7 Rb8 13. Bg2 f5 14. b3 Bf6 15. Bb2 Qe7 16. Rc1 Qf7 17. Ba3 f4 18. Nc4 Na6 19. Ne4 Qh5 20. f3 fxg3 21. hxg3 Bg5 22. e3 Nc6 23. f4 Bg4 24. Bf3 Bxf3 25. Qxf3 Qxf3 26. Rxf3 Be7 27. Rcf1 exf4 28. Rxf4 Rfd8 29. Nf2 Nab4 30. Bxb4 Nxb4 31. Re4 Bf6 32. Rd1 Rb7 33. Rf4 Rbd7 34. Ng4 Nxd3 35. Nxf6+ gxf6 36. Rxf6 Kg7 37. Rc6 Rf7 38. Ra6 Rf3 39. Kg2 Rf2+ 40. Kg1 Rf3 41. Kg2 Rf2+ 42. Kg1 Rd7 43. Rxd3 Rxd3 44. Kxf2 1-0

[Event "RUS-ch Blitz Women 2018"]
[Site "Sochi"]
[Date "2018.10.07"]
[Round "18"]
[White "Illina, Natalia"]
[Black "Nebolsina, Vera"]
[Result "1/2-1/2"]
[ECO "C42"]
[WhiteElo "1879"]
[BlackElo "2220"]
[Annotator "NA"]
[PlyCount "64"]
[EventDate "2018.10.07"]
[EventType "swiss"]
[EventCountry "RUS"]
[SourceTitle "playchess.com"]
[Source "ChessBase"]
[SourceQuality "1"]
[TimeControl "180+2"]

1. e4 e5 2. Nf3 Nf6 3. Nxe5 d6 4. Nc4 Nxe4 5. d4 Be7 6. Bd3 d5 7. Ne3 O-O 8. O-O c6 9. c4 Be6 10. b3 Nd7 11. Nd2 f5 12. Re1 Bf6 13. Bb2 f4 14. Nef1 Nxd2 15. Rxe6 Nxf1 16. Qxf1 Nc5 17. Rxf6 Qxf6 18. Ba3 Qxd4 19. Rd1 Nxd3 20. Bxf8 Rxf8 21. Rxd3 Qe4 22. cxd5 cxd5 23. Qd1 f3 24. gxf3 Qg6+ 25. Kh1 Qf6 26. Rxd5 Qxf3+ 27. Qxf3 Rxf3 28. Rd8+ Rf8 29. Rd7 Rf7 30. Rd8+ Rf8 31. Rd7 Rf7 32. Rd8+ Rf8 1/2-1/2

[Event "RUS-ch Blitz Women 2018"]
[Site "Sochi"]
[Date "2018.10.07"]
[Round "19"]
[White "Bodnaruk, Anastasia"]
[Black "Ambartsumova, Karina"]
[Result "1-0"]
[ECO "C52"]
[WhiteElo "2423"]
[BlackElo "2379"]
[Annotator "NA"]
[PlyCount "75"]
[EventDate "2018.10.07"]
[EventType "swiss"]
[EventCountry "RUS"]
[SourceTitle "playchess.com"]
[Source "ChessBase"]
[SourceQuality "1"]
[TimeControl "180+2"]

1. e4 e5 2. Nf3 Nc6 3. Bc4 Bc5 4. b4 Bxb4 5. c3 Ba5 6. d4 $11 exd4 7. O-O d6 8. Qb3 Qe7 9. cxd4 Nf6 10. e5 dxe5 11. Ba3 Bb4 12. dxe5 Ne4 13. Bxb4 Qxb4 14. Bxf7+ Ke7 15. Bd5 Qxb3 16. axb3 Nc5 17. Nc3 Be6 18. Bxc6 bxc6 19. b4 Nb3 20. Ra4 Rhd8 21. Ng5 Bc4 22. Re1 h6 23. Nge4 a6 24. f4 Nd4 25. Nc5 Bb5 26. Ra2 Bc4 27. Rf2 Nb5 28. N3e4 a5 29. bxa5 Rd4 30. a6 Na7 31. f5 Nc8 32. f6+ gxf6 33. exf6+ Kf7 34. Rf4 Rd5 35. Rg4 Nd6 36. Rg7+ Kf8 37. Ne6+ Ke8 38. Re7# 1-0

[Event "RUS-ch Blitz Women 2018"]
[Site "Sochi"]
[Date "2018.10.07"]
[Round "19"]
[White "Shuvalova, Polina"]
[Black "Lysenko, Margarita"]
[Result "0-1"]
[ECO "B04"]
[WhiteElo "2421"]
[BlackElo "2122"]
[Annotator "NA"]
[PlyCount "164"]
[EventDate "2018.10.07"]
[EventType "swiss"]
[EventCountry "RUS"]
[SourceTitle "playchess.com"]
[Source "ChessBase"]
[SourceQuality "1"]
[TimeControl "180+2"]

1. e4 Nf6 2. e5 Nd5 3. d4 d6 4. Nf3 g6 5. exd6 cxd6 6. c4 Nb6 7. Nc3 Bg7 8. Be2 O-O 9. O-O Bg4 10. b3 Nc6 11. Be3 d5 12. c5 Nc8 13. h3 Bxf3 14. Bxf3 e6 {[%emt 0:00:01] B04: Alekhine's Defence: 4 Nf3} 15. Rb1 N8e7 16. Bg4 $146 ({Predecessor:} 16. Ne2 Nf5 17. Qd2 h5 18. Kh1 a5 19. a3 b5 20. g3 b4 21. a4 Qe7 22. Bg2 {½-½ (63) Zhao,C (2035)-Zeng,C (2549) China 2016}) 16... h5 17. Be2 Nf5 18. Bd3 Ncxd4 19. Ne2 Nxe3 20. fxe3 Nxe2+ 21. Qxe2 a5 22. Rbc1 Rc8 23. a3 Qg5 24. b4 axb4 25. axb4 Bh6 26. Rfe1 $19 (26. Rce1 $17) 26... Qh4 27. Rc2 Qxb4 28. Rec1 d4 29. Rc4 Qa5 30. Rxd4 Rxc5 31. Rf1 Re5 32. Rf3 Qa1+ 33. Kh2 Rxe3 34. Rxe3 Qxd4 35. Rf3 Qd6+ 36. g3 Rd8 37. h4 Qb4 38. Qc2 Qd2+ 39. Qxd2 Bxd2 40. Kg2 Bh6 41. Bb5 b6 42. Rc3 Bf8 43. Rc7 Bc5 44. Rd7 Ra8 45. Rd3 Kg7 46. Kf3 Ra5 47. Be8 Ra8 48. Bc6 Rc8 49. Bb5 e5 50. Rd7 Bd4 51. Ke4 Rc5 52. Ba6 Rc3 53. Bd3 b5 54. Rb7 Rc1 55. Rxb5 Re1+ 56. Kd5 Re3 57. Bc4 Rxg3 58. Rb7 Rf3 59. Ke4 Rf4+ 60. Kd3 Rf3+ 61. Ke4 Rf4+ 62. Kd3 Rf5 63. Bd5 Bf2 64. Rb4 Rf4 65. Rxf4 exf4 66. Ke4 Bxh4 67. Kxf4 Be7 68. Bc4 Bd6+ 69. Ke4 f6 70. Be6 Kh6 71. Bf7 f5+ 72. Kf3 g5 73. Be6 Kg6 74. Bd7 g4+ 75. Ke3 Kg5 76. Kf2 h4 77. Kg2 h3+ 78. Kf2 Bc5+ 79. Kg3 f4+ 80. Kh2 Kh4 81. Bc6 g3+ 82. Kh1 g2+ 0-1

[Event "RUS-ch Blitz Women 2018"]
[Site "Sochi"]
[Date "2018.10.07"]
[Round "19"]
[White "Voit, Daria"]
[Black "Bivol, Alina"]
[Result "0-1"]
[ECO "E61"]
[WhiteElo "2352"]
[BlackElo "2403"]
[Annotator "NA"]
[PlyCount "98"]
[EventDate "2018.10.07"]
[EventType "swiss"]
[EventCountry "RUS"]
[SourceTitle "playchess.com"]
[Source "ChessBase"]
[SourceQuality "1"]
[TimeControl "180+2"]

1. Nf3 Nf6 2. c4 g6 3. d4 d6 4. Nc3 Bg7 5. Bg5 O-O 6. e3 c5 {[%emt 0:00:09] LiveBook: 449 Games} 7. Be2 Qa5 8. O-O Bg4 {[%emt 0:00:14] E61: King's Indian: Early deviations for White, including Smyslov System} 9. Nd2 $146 ({Predecessor:} 9. Bxf6 exf6 10. h3 Be6 11. Nb5 Rd8 12. Qd2 Qxd2 13. Nxd2 a6 14. Nc7 Ra7 15. Ne4 b6 16. Nxe6 fxe6 {1-0 (40) Lechtynsky,J (2425)-Znamenacek,K (2325) Pribram 1997}) 9... Bxe2 10. Qxe2 cxd4 11. exd4 Qxg5 12. Nf3 Qf5 13. Qxe7 Qd7 14. Qe3 Nc6 15. h3 Rfe8 16. Qd2 Ne4 17. Qd3 Nxc3 18. bxc3 b6 19. Qc2 Na5 20. Nd2 Rac8 21. Qd3 $19 Qf5 22. Qxf5 gxf5 23. Rfe1 Kf8 24. g3 Nxc4 25. Nf3 Bf6 26. Kg2 Na3 27. Rxe8+ Kxe8 28. Re1+ Kd7 29. Re3 Nb5 30. g4 fxg4 31. hxg4 Rxc3 32. Re4 Rd3 33. Rf4 Ke7 34. g5 Bxd4 35. Nh4 Be5 36. Rb4 Nd4 37. Rc4 Kd7 38. a4 a6 39. Rc1 b5 40. axb5 axb5 41. Ra1 b4 42. Rf1 Rd2 43. Kh3 b3 44. f4 Bg7 45. f5 Be5 46. Kg4 b2 47. Kh5 Rc2 48. Rb1 Nb3 49. Nf3 Bc3 0-1